 Dungeon Crawl Stone Soup version 0.32-a0-814-g0968bab981 (webtiles) character file.

Game seed: 1308221208582281797

235 smashvw the Insei (level 6, -2/38 HPs)
             Began as an Octopode Shapeshifter on Mar 22, 2024.
             Succumbed to Robin's poison
             ... on level 3 of the Dungeon.
             The game lasted 00:03:21 (1475 turns).

smashvw the Insei (Octopode Shapeshifter)           Turns: 1475, Time: 00:03:21

Health: -2/38      AC:  1    Str: 13    XL:     6   Next: 5%
Magic:  6/6        EV: 12    Int: 12    God:
Gold:   45         SH:  0    Dex: 14    Spells: 5/5 levels left

rFire   . .          .
                       - Unarmed
rCold   . . .        (no shield)
rNeg    . . .        (helmet currently unavailable)
rPois   .            j - amulet of regeneration
rElec   .            d - ring of wizardry
rCorr   .            e - ring of willpower
SInv    .            (no ring)
Will    +....        (no ring)
Stlth   +++          (no ring)
HPRegen 1.06/turn    (no ring)
MPRegen 0.10/turn    (no ring)
                     (no ring)

%: wizardry (x1)
@: lethally poisoned (-2 -> -10), beast-form
A: beast (slay +2), almost no armour, amphibious, 8 rings, camouflage 1,
gelatinous body 1, (nimble swimmer 1), tentacles
a: Begin Untransformation


You were on level 3 of the Dungeon.
You were a hulking beast.
You visited 1 branch of the dungeon, and saw 3 of its levels.

You collected 45 gold pieces.

Inventory:

Jewellery
 d - a ring of wizardry (left tentacle)
 e - a ring of willpower (right tentacle)
 j - an amulet of regeneration (around mantle)
Talismans
 b - a beast talisman (active)
 c - a flux talisman
Scrolls
 f - 2 scrolls of fog {unknown}
 g - a scroll of vulnerability {unknown}
 h - 2 scrolls of enchant armour {unknown}
 l - a scroll of noise {unknown}
 m - 3 scrolls of teleportation {unknown}
 o - a scroll of amnesia {unknown}
 p - a scroll of butterflies {unknown}
 r - a scroll of identify {unknown}
Potions
 a - a potion of lignification
 i - a potion of magic {unknown}
 k - a potion of attraction {unknown}
 n - 2 potions of haste {unknown}
 q - a potion of might {unknown}


   Skills:
 - Level 1.0 Fighting
 - Level 2.0 Dodging
 - Level 3.0 Stealth
 + Level 4.8 Unarmed Combat
 + Level 4.5 Shapeshifting


You had 5 spell levels left.
You didn't know any spells.
Your spell library was empty.

Dungeon Overview and Level Annotations

Branches:
Dungeon (3/15)

Altars:

Annotations:
D:3 Robin


Innate Abilities, Weirdness & Mutations

You are a hulking beast.
Your limbs bulge with bestial killing power. (Slay +2)
You cannot wear most types of armour.
You are amphibious.
You can wear up to eight rings at the same time.
Your skin changes colour to match your surroundings (Stealth+).
Your rubbery body absorbs attacks. (AC +1, EV +1)
((You are camouflaged when in or above water. (Stealth+)))
You have tentacles for arms and can constrict up to eight enemies at once.


Message History

Items here: ( )))) †††††.
Items here: )) [[ ††.
You tentacle-slap the goblin.
You kill the goblin!
The goblin unwields a +0 club.
The goblin wields a +1 sling of freezing.
It is covered in frost.
The goblin shoots a sling bullet.
The sling bullet barely misses you.
Robin hits you with a +1 spear of venom.
You are poisoned.
The goblin unwields a +1 sling of freezing.
The goblin wields a +0 club.
The goblin completely misses you.
Items here: ( ))))) †††††.
You feel very sick. Robin throws the goblin at you!
The goblin attacks as it pursues you! The goblin hits you with a +0 club.
Items here: )) [[ ††.
You tentacle-slap the goblin.
You kill the goblin!
You feel sick. The goblin hits you with a +0 club.
Robin hits you from afar with a +1 spear of venom!
You are lethally poisoned!
You are too injured to fight recklessly!
You are too injured to fight recklessly!
You are too injured to fight recklessly!
You miss the goblin. Your grab misses the goblin.
* * * LOW HITPOINT WARNING * * *
You feel very sick. The goblin hits you with a +0 club.
* * * LOW HITPOINT WARNING * * *
Robin completely misses you.
* * * LOW HITPOINT WARNING * * *
You feel very sick. The goblin attacks as it pursues you!
The goblin hits you with a +0 club.
* * * LOW HITPOINT WARNING * * *
Robin misses you.
Items here: ( ))))))) †††††.
You tentacle-slap Robin but do no damage.
You grab Robin. You constrict Robin.
You die...

....g....#
##.##.##.#.##
.....g.g.##
#.##.##.#.#
..ggg.....#
#.##.##.#[#
.g......#.##
#.##.##.#.#
.$.gg...#..#
#.##.##.#.#
.....(..##.#
#.##.##.#.#
##########.#
#.##.##.#.#
#g#### #.##.##.#
#.hg)# #.##.##<#
####.###.##.####
#..##....#
##.....###
####>## ###


You could see Robin and a goblin (strong).

Vanquished Creatures
  Sigmund (D:2)
  A dart slug (D:1)
  6 orcs (D:3)
  10 ball pythons
  5 endoplasms
  6 giant cockroaches
  12 goblins
  9 hobgoblins
  A kobold (D:3)
  2 quokkas
  3 bats
  2 frilled lizards (D:2)
  2 rats (D:2)
60 creatures vanquished.

Notes
Turn   | Place    | Note
-------+----------+-------------------------------------------
     0 | D:1      | smashvw the Octopode Shapeshifter began the quest for the
                  | Orb.
     0 | D:1      | Reached XP level 1. HP: 13/13 MP: 1/1
    97 | D:1      | Reached skill level 1 in Stealth
   101 | D:1      | Reached XP level 2. HP: 14/18 MP: 2/2
   411 | D:1      | Found a faded altar of an unknown god.
   649 | D:2      | Reached XP level 3. HP: 23/23 MP: 3/3
   953 | D:2      | Noticed Sigmund
   992 | D:2      | Killed Sigmund
   993 | D:2      | Reached XP level 4. HP: 13/28 MP: 4/4
   993 | D:2      | Reached XP level 5. HP: 16/33 MP: 5/5
  1440 | D:3      | Noticed Robin
  1455 | D:3      | Reached XP level 6. HP: 38/38 MP: 6/6
  1474 | D:3      | HP: 1/38 [goblin/+0 club[Robin] (5)]
  1475 | D:3      | Succumbed to Robin's poison

Illustrated notes

Levels and vault maps discovered:
D:1:      matt_arrival_spirals, layout_rooms,
          shapermc_ecumenical_altar_flowoftime, corner_web_ring
D:2:      layout_loops_ring, uniq_sigmund
D:3:      layout_basic, ebering_ghost_inner_flame, uniq_terence, uniq_robin,
          uniq_grinder, uniq_ijyb

Skill      XL: |  1  2  3 |
---------------+----------+-----
Stealth        | 1 2 3 |  3.0
Unarmed Combat | 4 |  4.8
Shapeshifting  | 4 |  4.5
Fighting       | |  1.0
Dodging        | |  2.0

Action                     |  1- 3 |  4- 6 || total
---------------------------+-------+-------++-------
  Melee: Unarmed           |    53 |    36 ||    89
         Constrict         |    13 |    10 ||    23
         Tentacles         |    10 |     5 ||    15
    Use: Potion            |     1 |       ||     1
   Stab: Sleeping          |     7 |     4 ||    11
         Distracted        |       |     1 ||     1
 Armour: Skin              |    49 |    14 ||    63
  Dodge: Dodged            |    39 |    20 ||    59

Table legend: (Time is in decaauts)
 A = Elapsed time spent in this place.
 B = Non-inter-level travel time spent in this place.
 C = Inter-level travel time spent in this place.
 D = Time resting spent in this place.
 E = Time spent auto-exploring this place.
 F = Levels seen in this place.
 G = Mean time per level.
                   A        B        C        D        E       F      G
               +--------+--------+--------+--------+--------+-----+--------+
         Total |   1467 |   1414 |     53 |      0 |   1091 |   3 |  489.0 |
       Dungeon |   1467 |   1414 |     53 |      0 |   1091 |   3 |  489.0 |
               +--------+--------+--------+--------+--------+-----+--------+

Top non-repeatable levels by time:
     D:2: 687 daAuts
     D:1: 641 daAuts
     D:3: 139 daAuts
